 Dungeon Crawl Stone Soup version 0.31.0-10-gcf4a605ca0 (webtiles) character file.

Game seed: 1137167522977376637

116 Amaterasu the Magician (level 5, -8/40 HPs)
             Began as a Djinni Conjurer on Jan 25, 2024.
             Mangled by Pikel
             ... wielding a +2 whip of freezing
              (11 damage)
             ... on level 4 of the Dungeon.
             The game lasted 00:06:20 (2908 turns).

Amaterasu the Magician (Djinni Conjurer)            Turns: 2908, Time: 00:06:21

Health: -8/40      AC:  5    Str:  6    XL:     5   Next: 21%
Gold:   200        EV: 12    Int: 21    God:
                   SH:  0    Dex: 12

rFire   + + .        (no weapon)
rCold   x . .        (no shield)
rNeg    . . .        a - +1 robe
rPois   ∞            f - +0 helmet
rElec   .            g - +0 cloak
rCorr   .            (no gloves)
SInv    .            (boots unavailable)
Will    .....        (no amulet)
Stlth   ++           (no ring)
HPRegen 0.26/turn    (no ring)
MPRegen 0.00/turn

%: infuse magic (-9 HP)
@: flying, very slightly contaminated, hasted, very quick
A: sickness immunity, fire resistance 2, cold vulnerability 1, float, innate
caster, HP casting, extra vitality 1
a: no special abilities


You were on level 4 of the Dungeon.
You visited 1 branch of the dungeon, and saw 4 of its levels.

You collected 200 gold pieces.

Inventory:

Armour
 a - a +1 robe (worn)
 e - an orb of energy
 f - a +0 helmet (worn)
 g - a +0 cloak (worn)
Potions
 b - a potion of degeneration {unknown}
 c - 2 potions of haste
 d - 3 potions of mutation {unknown}
 h - a potion of berserk rage {unknown}
 i - a potion of invisibility {unknown}
 j - a potion of brilliance {unknown}


   Skills:
 * Level 2.9 Fighting
 - Level 2.1 Dodging
 - Level 1.5 Stealth
 * Level 4.4 Spellcasting
 * Level 4.4 Conjurations
 * Level 4.4 Hexes
 * Level 4.4 Summonings
 * Level 4.4 Necromancy
 * Level 4.4 Translocations
 * Level 4.4 Fire Magic
 * Level 4.4 Ice Magic
 * Level 4.4 Air Magic
 * Level 4.4 Earth Magic
 * Level 4.4 Alchemy


You knew the following spells:

 Your Spells              Type           Power      Damage    Failure   Level
a - Magic Dart            Conj           92%        1d7       1%          1
b - Searing Ray           Conj           46%        2d6       2%          2
c - Fulminant Prism       Conj/Alch      11%        3d8       19%         4
d - Iskenderun's Mystic   Conj/Tloc      23%        2d6       19%         4
e - Slow                  Hex            92%        N/A       1%          1
f - Momentum Strike       Conj/Tloc      46%        3d9       2%          2
Your spell library was empty.

Dungeon Overview and Level Annotations

Branches:
Dungeon (4/15)
 Temple: D:4-7

Altars:
Gozag

Shops:
D:2 *

Annotations:
D:4 Pikel


Innate Abilities, Weirdness & Mutations

You are immune to sickness and miasma.
You are immune to poison.
Your flesh is very heat resistant. (rF++)
You are vulnerable to cold. (rC-)
You float through the air rather than walking.
You learn spells naturally, not from books.
Your magical power is your life essence.
You have superior vitality. (+4 MHP)


Message History

The searing ray hits the lemure!
The lemure is almost dead. (Press . to maintain the ray.)
The searing ray misses Pikel.
The searing ray hits the lemure but does no damage.
The lemure is almost dead.
Pikel barely misses you.
The searing ray hits Pikel.
Pikel is severely wounded.
The searing ray hits the lemure.
The lemure is almost dead.
Pikel barely misses you.
The searing ray hits Pikel.
Pikel is almost dead.
The searing ray hits the lemure.
You kill the lemure!
That felt strangely unrewarding.
You finish channelling your searing ray.
Pikel hits you with a +2 whip of freezing!
* * * LOW HITPOINT WARNING * * *
Pikel freezes you.
* * * LOW HITPOINT WARNING * * *
Casting: Searing Ray (safe; 2% risk of failure)
Confirm with . or Enter, or press ? or * to list all spells.
Okay, then.
Casting: Searing Ray (safe; 2% risk of failure)
Confirm with . or Enter, or press ? or * to list all spells.
Okay, then.
Unknown command.
Casting: Iskenderun's Mystic Blast (quite dangerous; 19% risk of failure)
Confirm with . or Enter, or press ? or * to list all spells.
You miscast Iskenderun's Mystic Blast.
You are very lightly contaminated with residual magic.
Nothing appears to happen.
* * * LOW HITPOINT WARNING * * *
You aren't carrying any scrolls.
You feel yourself speed up.
Pikel hits you with a +2 whip of freezing!
You die...
Pikel says, "Another soul for the market."

#....# #... #....# #####.#
.##### ## #....###..[..# .....
.#
#....##8...8.######.....#####.##
#....#................#........
#....#...>...########....#...[#
#.......................5.....#
##...##)..8..#########....#....#
............#...@K........#..<.#
.......###.##.########.......#.#
.........#.#.......# #.......#.#
.....).....#.......#....#...##.#
.......#.###.#######^####...# ..
.......#.# #.# #. .....# ##
..[....#.# #.# # ####..5.
.......#.# #.####### .?5...
.......#.# #.......## ....##


You could see Pikel (slow).

Vanquished Creatures
  4 lemures (D:4)
  Natasha (D:2)
  3 adders
  3 dart slugs
  2 ribbon worms (D:2)
  An orc (D:4)
  8 ball pythons
  2 endoplasms (D:1)
  A giant cockroach (D:1)
  3 hobgoblins
  4 jackals (D:2)
  5 kobolds
  A quokka (D:1)
  2 bats
  6 frilled lizards (D:1)
  7 goblins
  7 rats
60 creatures vanquished.

Notes
Turn   | Place    | Note
-------+----------+-------------------------------------------
     0 | D:1      | Amaterasu the Djinni Conjurer began the quest for the Orb.
     0 | D:1      | Amaterasu set off with the following spells memorised:
                  | Magic Dart, Searing Ray, Fulminant Prism, Iskenderun's
                  | Mystic Blast.
     0 | D:1      | Reached XP level 1. HP: 15/15 MP: 0/0
    84 | D:1      | Reached skill level 1 in Fighting
    84 | D:1      | Reached XP level 2. HP: 11/22 MP: 0/0
   373 | D:1      | Reached XP level 3. HP: 23/27 MP: 0/0
   373 | D:1      | Learned a level 1 spell: Slow
  1210 | D:2      | Reached XP level 4. HP: 33/33 MP: 0/0
  1403 | D:2      | Noticed Natasha
  1415 | D:2      | Killed Natasha
  1496 | D:2      | Found an opulent altar of Gozag.
  1665 | D:2      | Found Obbuf's Assorted Antiques.
  2011 | D:3      | Reached XP level 5. HP: 37/39 MP: 0/0
  2011 | D:3      | Learned a level 2 spell: Momentum Strike
  2412 | D:4      | Noticed a lemure
  2412 | D:4      | Noticed a lemure
  2415 | D:4      | Noticed a lemure
  2598 | D:4      | Noticed Pikel
  2629 | D:4      | Noticed a lemure
  2674 | D:4      | Killed a lemure
  2786 | D:4      | Killed a lemure
  2791 | D:4      | Killed a lemure
  2906 | D:4      | Killed a lemure
  2908 | D:4      | Mangled by Pikel

Illustrated notes

Levels and vault maps discovered:
D:1:      dpeg_chamrin_arrival_tetris, layout_basic
D:2:      layout_basic, serial_shops, shop, basic_altar, uniq_natasha
D:3:      layout_basic, serial_bayou_pond_c
D:4:      layout_basic, minmay_temple_entry_statues_fountains,
          grunt_ministairs_1, amcnicky_mini_pool_small, uniq_eustachio,
          uniq_edmund, uniq_pikel

Skill      XL: |  1  2  3 |
---------------+----------+-----
Fighting       | 1 2 |  2.9
Spellcasting   | 4 |  4.4
Conjurations   | 4 |  4.4
Hexes          | 4 |  4.4
Summonings     | 4 |  4.4
Necromancy     | 4 |  4.4
Translocations | 4 |  4.4
Fire Magic     | 4 |  4.4
Ice Magic      | 4 |  4.4
Air Magic      | 4 |  4.4
Earth Magic    | 4 |  4.4
Alchemy        | 4 |  4.4
Dodging        | |  2.1
Stealth        | |  1.5

Action                     |  1- 3 |  4- 6 || total
---------------------------+-------+-------++-------
   Cast: Magic Dart        |    78 |    32 ||   110
         Searing Ray       |       |     9 ||     9
         Slow              |       |     3 ||     3
    Use: Scroll            |     4 |     4 ||     8
         Potion            |       |     1 ||     1
 Armour: Robe              |     4 |    17 ||    21
  Dodge: Dodged            |     6 |    13 ||    19
